 Dungeon Crawl Stone Soup version 0.32-a0-768-g0f6f1dd4b9 (webtiles) character file.

Game seed: 16312327715961727510

5210 ezpacito the Chopper (level 10, -1/77 HPs)
             Began as a Coglin Chaos Knight on Mar 18, 2024.
             Was a Plaything of Xom.
             Slain by an orc warrior
             ... wielding a +0 scimitar
              (12 damage)
             ... on level 9 of the Dungeon.
             The game lasted 00:13:20 (8124 turns).

ezpacito the Chopper (Coglin Chaos Knight)          Turns: 8124, Time: 00:13:21

Health: -1/77      AC:  9    Str: 16    XL:     10   Next: 61%
Magic:  15/15      EV: 13    Int: 15    God:    Xom [..*...]
Gold:   237        SH:  0    Dex: 16    Spells: 2/15 levels left

rFire   + . .        b - +3 trident of Sunlight {freeze, rN+}
rCold   . . .        d - +2 trident "Hotah" {freeze, rF+ rCorr Int-3 SInv}
rNeg    + . .        x - +3 ring mail {rPois}
rPois   +            (helmet restricted)
rElec   .            (no cloak)
rCorr   +            (no gloves)
SInv    +            (no boots)
Will    .....        (amulet unavailable)
Stlth   ++           (ring unavailable)
HPRegen 0.32/turn    (ring unavailable)
MPRegen 0.14/turn    (no gizmo)

%: no passive effects
@: revving
A: off-hand wielding, slow wielding, warmup strikes, no jewellery, horns 1,
agile 1, clever 2, strong 1, wild magic 1, sturdy frame 1
a: Invent Gizmo, Renounce Religion


You were on level 9 of the Dungeon.
You worshipped Xom.
You were a toy of Xom.
You visited 1 branch of the dungeon, and saw 9 of its levels.

You collected 492 gold pieces.
You spent 255 gold pieces at shops.

Inventory:

Hand Weapons
 a - a +0 hand axe of chaos {Thulani}
 b - the +3 trident of Sunlight (weapon) {freeze, rN+}
   (You found it on level 3 of the Dungeon)

   rN+:       It protects you from negative energy.
 d - the +2 trident "Hotah" (offhand) {freeze, rF+ rCorr Int-3 SInv}
   (You found it on level 8 of the Dungeon)

   Int-3:     It affects your intelligence (-3).
   rF+:       It protects you from fire.
   SInv:      It lets you see invisible.
   rCorr:     It protects you from acid and corrosion.
 h - a +5 falchion
 w - a +0 war axe of draining
Missiles
 k - 6 atropa-tipped darts (quivered)
 l - 10 darts of dispersal
 u - 6 poisoned darts
Armour
 c - a +0 helmet
 x - a +3 ring mail of poison resistance (worn)
Wands
 y - a wand of warping (11)
 z - a wand of paralysis (10)
Scrolls
 g - a scroll of poison
 o - 2 scrolls of amnesia
 p - a scroll of vulnerability
 r - 2 scrolls of immolation
 t - 4 scrolls of teleportation
Potions
 m - 2 potions of lignification


   Skills:
 * Level 6.9 Fighting
 * Level 7.1(7.7) Axes
 + Level 4.1(5.9) Polearms
 * Level 5.9 Armour
 * Level 5.6 Dodging
 + Level 3.8 Stealth
 + Level 1.7 Unarmed Combat
 + Level 3.4 Spellcasting
 + Level 2.1 Summonings
 + Level 2.8 Evocations


You had 2 spell levels left.
You knew the following spells:

 Your Spells              Type           Power      Damage    Failure   Level
a - Shock                 Conj/Air       12%        1d3       34%         1
b - Ensorcelled Hibernat  Hex/Ice        6%         N/A       45%         2
c - Monstrous Menagerie   Summ           5%         N/A       100%        7
w - Passwall              Erth           3%         N/A       67%         3

Your spell library contained the following spells:

 Spells                   Type           Power      Damage    Failure   Level
 Summon Ice Beast         Ice/Summ       7%         N/A       52%         3
 Swiftness                Air            3%         N/A       67%         3
 Airstrike                Air            1%         2d(1-17)  96%         4
 Summon Mana Viper        Hex/Summ       7%         N/A       99%         5


Dungeon Overview and Level Annotations

Branches:
Dungeon (9/15)             Temple (0/1) D:5             Orc (0/2) D:9
   Lair: D:8-11

Altars:
Cheibriados
Dithmenos
Fedhas
Makhleb
Nemelex Xobeh
Qazlal
Sif Muna
Vehumet
Wu Jian
Xom
Yredelemnul
The Shining One

Shops:
D:8 *[[


Innate Abilities, Weirdness & Mutations

You can wield a second weapon in your off-hand.
It takes a long time for you to wield or remove held weapons.
Your first few attacks do less damage.
You cannot equip rings or amulets.
You have a pair of small horns on your head.
You are agile. (Dex +4, Str/Int -1)
Your mind is very acute. (Int +8, Str/Dex -2)
Your muscles are strong. (Str +4, Int/Dex -1)
Your spells are a little harder to cast, but a little more powerful.
Your movements are slightly less encumbered by armour. (ER -2)


Message History

You hit the orc warrior but do no damage.
Your orc hits the orc warrior but does no damage.
The orc warrior hits your orc with a +0 scimitar!
Your orc dies!
Your shadow imp hits the orc warrior.
Your shadow imp gestures at the orc warrior.
The orc warrior struggles to resist.
Your shadow imp hits the orc warrior but does no damage.
What are your orders? t - Shout!
Orders for allies: a - Attack new target. r - Retreat! s - Stop attacking. g - Guard the area. f - Follow me.
Anything else - Cancel.
Gang up on whom?
Press: ? - help, Dir - move target, f - orc warrior
Aim: an orc warrior, wielding a +0 scimitar and wearing a +0 chain mail (moderately wounded, ally target) Attack!
You hear the steady creaking of a distant portcullis.
The orc warrior closely misses you.
Your shadow imp hits the orc warrior but does no damage.
Your lemure hits the orc warrior but does no damage.
The orc wizard gestures wildly while chanting.
The orc wizard flickers and vanishes for a moment.
The orc warrior hits your shadow imp with a +0 short sword!
The orc attacks as it pursues you! The orc barely misses you.
The orc attacks as it pursues you! The orc hits you but does no damage.
The orc warrior attacks as it pursues you!
The orc warrior misses you.
Your shadow imp hits the orc warrior but does no damage.
Your shadow imp gestures at the orc warrior.
The orc warrior struggles to resist.
You hit the orc warrior but do no damage.
The orc warrior is moderately wounded.
You hit the orc warrior with the +2 trident "Hotah".
You freeze the orc warrior. The orc hits you but does no damage.
The orc warrior barely misses your shadow imp.
The orc warrior hits you with a +0 scimitar!
You die... "What!?
That's it?"

#.......#####.......,.....,,,,,,,
#.##........#......##....,,,,,,,,
...##..###.....###.....#,,,*,,,*,
#.###...#.......##..)..#*ß***ß***
...##...#..........oo5.####******
###.#.............$5........,,,,,
...####.......[....5........,,,,,
....#...........oo..........,,,,,
#####..........)@)..........***,,
..#.#...##.......)..........***,,
..'.#..##............<......*,,,*
########..........)).#......,,,**
####...............###..#*****
###...............###...*
####.....†............#**
####.................##*** **
#######..........#......,** **,


You could see 2 orc warriors, an orc wizard (invisible), an orc, a friendly
lemure (summoned) and 2 friendly shadow imps.

Vanquished Creatures
  2 gargoyles (D:8)
  An unseen horror (D:9)
  2 trolls
  2 hornets
  3 orc warriors
  A black bear (D:4)
  5 ice beasts
  An ogre (D:5)
  2 centaurs
  2 phantoms
  A kobold brigand (D:6)
  A bullfrog (D:7)
  8 wights
  4 howler monkeys
  5 spriggan skeletons (D:9)
  A troll skeleton (D:9)
  An electric eel (D:7)
  A crimson imp (D:6)
  A bombardier beetle (D:6)
  A hound (D:4)
  A jelly (D:4)
  A gnoll bouda (D:6)
  A sleepcap (D:8)
  8 orc wizards
  Ijyb (D:5)
  3 gnolls (D:6)
  11 adders
  2 shadow imps
  2 white imps
  2 ufetubi (D:5)
  4 dart slugs
  4 ribbon worms
  27 orcs
  8 endoplasms
  2 giant cockroaches
  6 hobgoblins
  2 jackals (D:2)
  12 kobolds
  4 quokkas
  A ball python (D:1)
  2 bats
  2 frilled lizards
  6 goblins
  3 goblin zombies (D:6)
  A kobold skeleton (D:6)
  A kobold zombie (D:6)
  An orc skeleton (D:6)
  2 orc zombies (D:6)
  6 rats
171 creatures vanquished.

Vanquished Creatures (collateral kills)
  A two-headed ogre (D:9)
  A bat (D:2)
2 creatures vanquished.

Vanquished Creatures (others)
  An orc (D:9)
  A hobgoblin zombie (D:2)
2 creatures vanquished.

Grand Total: 175 creatures vanquished

Notes
Turn   | Place    | Note
-------+----------+-------------------------------------------
     0 | D:1      | ezpacito the Coglin Chaos Knight began the quest for the
                  | Orb.
     0 | D:1      | Reached XP level 1. HP: 18/18 MP: 1/1
     0 | D:1      | XOM: silly message
   153 | D:1      | Reached skill level 1 in Dodging
   243 | D:1      | Reached XP level 2. HP: 24/24 MP: 2/2
   244 | D:1      | XOM: 5-stop teleportation journey
   367 | D:1      | XOM: summons 2 hostile demons
   836 | D:2      | XOM: 2-stop teleportation journey
   844 | D:2      | Reached XP level 3. HP: 20/29 MP: 3/3
   923 | D:2      | XOM: scenery: create altars
  1012 | D:2      | Reached XP level 4. HP: 35/35 MP: 3/5
  1185 | D:2      | XOM: give mutations
  1185 | D:2      | Gained mutation: Your muscles are strong. (Str +4, Int/Dex
                  | -1) [Xom's grace]
  1185 | D:2      | Gained mutation: Your mind is acute. (Int +4, Str/Dex -1)
                  | [Xom's grace]
  1332 | D:2      | Found a faded altar of an unknown god.
  1436 | D:3      | Identified the +3 trident of Sunlight {freeze, rN+}
  1577 | D:3      | Reached skill level 1 in Polearms
  1583 | D:3      | XOM: cloud trail
  1671 | D:3      | Reached skill level 1 in Spellcasting
  1671 | D:3      | Reached XP level 5. HP: 32/42 MP: 6/6
  2028 | D:4      | Noticed a black bear
  2034 | D:4      | Killed a black bear
  2035 | D:4      | Reached skill level 4 in Axes
  2035 | D:4      | Reached skill level 1 in Stealth
  2035 | D:4      | Reached XP level 6. HP: 41/48 MP: 7/7
  2080 | D:4      | XOM: cloud trail
  2214 | D:4      | Found an ornate altar of the Wu Jian Council.
  2279 | D:4      | XOM: swap monsters
  2284 | D:4      | XOM: 2-stop teleportation journey
  2407 | D:4      | Found a blossoming altar of Fedhas.
  2407 | D:4      | XOM: 5-stop teleportation journey
  2488 | D:4      | Found a stormy altar of Qazlal.
  2488 | D:4      | Found a basalt altar of Yredelemnul.
  2488 | D:4      | Found a snail-covered altar of Cheibriados.
  2523 | D:4      | Found a sparkling altar of Nemelex Xobeh.
  2804 | D:5      | Entered Level 5 of the Dungeon
  2807 | D:5      | Noticed an ice beast
  2815 | D:5      | Killed an ice beast
  2911 | D:5      | Reached XP level 7. HP: 54/54 MP: 9/9
  2948 | D:5      | Found a burning altar of Makhleb.
  3487 | D:5      | Noticed Ijyb
  3492 | D:5      | Killed Ijyb
  3563 | D:5      | XOM: scenery: 1 doors open
  3622 | D:5      | Found a staircase to the Ecumenical Temple.
  3870 | D:5      | XOM: silly message
  3879 | D:5      | Reached XP level 8. HP: 61/61 MP: 10/10
  3918 | D:5      | XOM: divination: detect creatures
  4040 | D:5      | XOM: silly message
  4141 | D:6      | Reached skill level 5 in Axes
  4162 | D:6      | XOM: noise
  4195 | D:6      | Reached skill level 5 in Fighting
  4296 | D:6      | XOM: cloud trail
  4349 | D:6      | XOM: 2-stop teleportation journey
  4379 | D:6      | XOM: noise
  4600 | D:6      | XOM: confusion (+ monsters)
  4755 | D:6      | Found a glowing golden altar of the Shining One.
  4866 | D:6      | Noticed a troll
  4872 | D:6      | Killed a troll
  4946 | D:6      | XOM: divination: detect creatures
  4975 | D:6      | XOM: god gift: 21 gold pieces
  5094 | D:6      | Found a radiant altar of Vehumet.
  5239 | D:7      | Reached XP level 9. HP: 61/68 MP: 12/12
  5279 | D:7      | XOM: give mutations
  5279 | D:7      | Gained mutation: Your system is resistant to poisons.
                  | (rPois) [Xom's grace]
  5279 | D:7      | Gained mutation: Your mind is very acute. (Int +8, Str/Dex
                  | -2) [Xom's grace]
  5279 | D:7      | Gained mutation: You have a pair of small horns on your
                  | head. [Xom's grace]
  5279 | D:7      | Gained mutation: Your muscles are very strong. (Str +8,
                  | Int/Dex -2) [Xom's grace]
  5353 | D:7      | XOM: 2-stop teleportation journey
  5438 | D:7      | XOM: give mutation
  5438 | D:7      | Gained mutation: Your spells are a little harder to cast,
                  | but a little more powerful. [Xom's mischief]
  5455 | D:7      | Noticed a hornet
  5456 | D:7      | XOM: noise
  5463 | D:7      | Killed a hornet
  5464 | D:7      | Reached skill level 6 in Axes
  5552 | D:7      | XOM: chaos cloud
  5848 | D:7      | Found a shadowy altar of Dithmenos.
  5863 | D:7      | XOM: give mutations
  5863 | D:7      | Lost mutation: Your system is resistant to poisons. (rPois)
                  | [Xom's mischief]
  5863 | D:7      | Lost mutation: Your muscles are very strong. (Str +8,
                  | Int/Dex -2) [Xom's mischief]
  5966 | D:7      | Reached skill level 5 in Armour
  5975 | D:7      | Learned a level 1 spell: Shock
  5978 | D:7      | Learned a level 2 spell: Ensorcelled Hibernation
  5982 | D:7      | Learned a level 3 spell: Passwall
  5990 | D:7      | Learned a level 7 spell: Monstrous Menagerie
  6329 | D:7      | XOM: give mutations
  6329 | D:7      | Gained mutation: You are agile. (Dex +4, Str/Int -1) [Xom's
                  | mischief]
  6329 | D:7      | Gained mutation: Your movements are slightly less
                  | encumbered by armour. (ER -2) [Xom's mischief]
  6390 | D:8      | Noticed a gargoyle
  6391 | D:8      | Noticed a gargoyle
  6396 | D:8      | XOM: summons friendly quasit
  6398 | D:8      | Killed a gargoyle
  6401 | D:8      | Killed a gargoyle
  6402 | D:8      | Reached skill level 5 in Dodging
  6402 | D:8      | Reached skill level 1 in Summonings
  6402 | D:8      | Reached skill level 1 in Evocations
  6769 | D:8      | Found Qaluhy's General Store.
  6773 | D:8      | Bought a potion of might for 60 gold pieces
  6773 | D:8      | Bought a scroll of amnesia for 60 gold pieces
  6773 | D:8      | Bought 3 scrolls of teleportation for 135 gold pieces
  6871 | D:8      | Found Maixosur's Armour Boutique.
  6930 | D:8      | Found Geim's Armour Boutique.
  6987 | D:8      | XOM: confusion (+ monsters)
  6991 | D:8      | Reached skill level 1 in Unarmed Combat
  6991 | D:8      | Reached XP level 10. HP: 70/76 MP: 14/14
  7403 | D:8      | XOM: silly message
  7467 | D:8      | Found a shimmering blue altar of Sif Muna.
  7766 | D:8      | Identified the +2 trident "Hotah" {freeze, rF+ rCorr Int-3
                  | SInv}
  7808 | D:8      | XOM: divination: detect items
  7887 | D:9      | Noticed an unseen horror
  7904 | D:9      | Killed an unseen horror
  8091 | D:9      | Noticed a two-headed ogre
  8102 | D:9      | XOM: summons 4 friendly demons
  8106 | D:9      | XOM: swap monsters
  8109 | D:9      | Killed a two-headed ogre
  8110 | D:9      | Reached skill level 7 in Axes
  8113 | D:9      | XOM: enchant monster (good)
  8114 | D:9      | XOM: polymorph shadow imp -> lemure
  8124 | D:9      | Slain by an orc warrior

Illustrated notes

Levels and vault maps discovered:
D:1:      dpeg_arrival_connections, layout_loops_cross,
          hangedman_decor_slide_cut
D:2:      layout_basic, dreamdust_ecumenical_altar_angels_and_demons
D:3:      layout_rooms
D:4:      layout_basic, nemelex_altar_shiori, mainiacjoe_overflow_alcove_4,
          nicolae_wu_jian_glorious_leap, gammafunk_temple_overflow_forgotten
D:5:      layout_basic, mainiacjoe_overflow_catwalk, minmay_temple_entry_hall,
          uniq_ijyb
D:6:      layout_gridville, marbit_many_paths, nicolae_tso_besieged_by_evil
D:7:      lemuel_ice_spiral_2, layout_rooms, nicolae_dithmenos_the_darkroom,
          kennysheep_small_spiral
D:8:      cheibrodos_statue_roulette, layout_gridville, led_sif_pool,
          serial_shops, shop, shop, shop
D:9:      layout_cave_pools, elyvilon_altar_3, david_orc_4, enter_bailey_4,
          hangedman_tell_no_tales

Skill      XL: |  1  2  3  4  5  6  7  8  9 10 |
---------------+-------------------------------+-----
Dodging        | 1 2 3 4 5 |  5.6
Armour         | 2 3 4 5 |  5.9
Polearms       | 1 2 3 4 |  4.1
Spellcasting   | 1 2 3 |  3.4
Axes           | 4 5 6 7 |  7.1
Stealth        | 1 2 3 |  3.8
Fighting       | 4 5 6 |  6.9
Summonings     | 1 2 |  2.1
Evocations     | 1 2 |  2.8
Unarmed Combat | 1 |  1.7

Action                     |  1- 3 |  4- 6 |  7- 9 | 10-12 || total
---------------------------+-------+-------+-------+-------++-------
  Melee: Spear             |    52 |    24 |       |       ||    76
         Hand axe          |    44 |    72 |   188 |    14 ||   318
         Dagger            |     3 |       |       |       ||     3
         Trident           |       |    75 |   237 |    99 ||   411
         Headbutt          |       |       |    14 |    12 ||    26
  Evoke: Wand              |       |       |       |     9 ||     9
    Use: Scroll            |     1 |     3 |     3 |    11 ||    18
         Potion            |       |     3 |     5 |     2 ||    10
   Stab: Sleeping          |     5 |     1 |       |       ||     6
         Confused          |     1 |     2 |       |     1 ||     4
         Paralysed         |       |     3 |     1 |       ||     4
         Distracted        |       |       |       |     1 ||     1
 Armour: Leather armour    |    24 |    43 |       |       ||    67
         Chain mail        |       |    17 |   120 |       ||   137
         Ring mail         |       |       |    60 |    54 ||   114
  Dodge: Dodged            |    32 |    43 |    83 |    42 ||   200

Table legend: (Time is in decaauts)
 A = Elapsed time spent in this place.
 B = Non-inter-level travel time spent in this place.
 C = Inter-level travel time spent in this place.
 D = Time resting spent in this place.
 E = Time spent auto-exploring this place.
 F = Levels seen in this place.
 G = Mean time per level.
                   A        B        C        D        E       F      G
               +--------+--------+--------+--------+--------+-----+--------+
         Total |   8149 |   7789 |    360 |    472 |   6083 |   9 |  905.4 |
       Dungeon |   8149 |   7789 |    360 |    472 |   6083 |   9 |  905.4 |
               +--------+--------+--------+--------+--------+-----+--------+

Top non-repeatable levels by time:
     D:8: 1449 daAuts
     D:5: 1315 daAuts
     D:7: 1163 daAuts
     D:6: 1095 daAuts
     D:4: 779 daAuts
     D:1: 767 daAuts
     D:2: 659 daAuts
     D:3: 613 daAuts
     D:9: 305 daAuts
